Map: Ascension to Aiur LE

Players

JohnSnow

  • Race: Terran Terran
  • League: Gold
  • Spawn Location: 11:00

A.I. 1 (Harder) - Winner!

  • Race: Zerg Zerg
  • Spawn Location: 5:00

VOD

Have the link to the VOD?

Description

Time

  • Played on: Jan. 17, 2018, 4:29 p.m.
  • Length: 7:45
Show
View Real Time Build Order
Export as new Build Order

JohnSnow Terran 

Build Orders:  

Get SALT Encoding   

  12  0:01  SCV  
  13  0:13  SCV  
  14  0:19  Supply Depot  
  14  0:25  SCV  
  15  0:37  Refinery  
  15  0:41  SCV  
  16  0:49  Barracks  
  16  0:53  SCV  
  17  1:05  SCV  
  18  1:18  SCV  
  19  1:40  Factory  
  19  1:42  Marine  
  20  1:54  Orbital Command  
  20  2:00  Marine  
  21  2:05  Supply Depot  
  21  2:19  Barracks Reactor  
  21  2:26  Barracks  
  21  2:28  Factory Reactor  
  21  2:36  Supply Depot  
  21  2:47  Command Center  
  21  2:58  Supply Depot  
  21  3:03  Factory  
  21  3:12  Hellion x2  
  25  3:16  Barracks Tech Lab  
  25  3:22  Refinery, SCV  
  26  3:34  SCV  
  26  3:35  Bunker  
  26  3:39  Marine  
  28  3:56  Engineering Bay  
  28  3:57  Marine  
  33  4:10  Hellion x2  
  33  4:27  Supply Depot  
  37  4:31  Hellion x2  
  37  4:34  Refinery, SCV  
  38  4:46  SCV  
  39  4:58  SCV  
  38  5:23  Hellion x2  
  42  5:38  Barracks Tech Lab  
  42  5:43  Barracks Reactor  
  42  5:44  Hellion  
  42  5:45  Hellion  
  46  5:56  Orbital Command  
  46  5:59  SCV  
  47  6:11  SCV  
  48  6:16  Armory  
  48  6:23  SCV  
  48  6:25  Missile Turret, SCV  
  50  6:35  SCV  
  50  6:37  SCV  
  52  6:47  SCV  
  52  6:49  SCV  
  54  6:55  Cyclone  
  54  6:56  Cyclone  
  54  6:58  Marine x2  
  54  6:59  Marine, SCV  
  54  7:01  SCV  
  65  7:06  Hellion x2  
  69  7:14  Supply Depot  
Show
View Real Time Build Order
Export as new Build Order

A.I. 1 (Harder) Zerg - Winner!

Build Orders: Pool First 

Get SALT Encoding   

  12  0:01  Drone  
  13  0:12  Overlord  
  13  0:17  Drone  
  14  0:30  Drone x2  
  16  0:42  Spawning Pool  
  15  0:44  Drone  
  15  0:48  Drone  
  17  0:51  Extractor  
  17  0:55  Drone  
  17  1:06  Overlord  
  17  1:30  Queen  
  17  1:31  Zergling x2  
  20  1:37  Roach Warren  
  20  1:38  Drone  
  20  1:40  Zergling x2  
  20  1:42  Extractor  
  20  1:49  Drone  
  21  1:59  Drone  
  22  2:12  Drone  
  23  2:21  Overlord  
  23  2:32  Drone  
  26  2:37  Roach  
  26  2:44  Overlord  
  26  2:46  Roach  
  28  2:55  Roach  
  30  3:05  Roach  
  32  3:09  Overlord  
  32  3:14  Roach  
  34  3:23  Roach  
  36  3:32  Roach  
  38  3:36  Overlord  
  38  3:42  Roach  
  40  3:51  Roach  
  43  3:55  Drone  
  43  3:59  Drone  
  43  4:00  Roach  
  46  4:07  Drone  
  47  4:12  Drone, Roach  
  47  4:14  Overlord  
  50  4:18  Drone  
  51  4:29  Drone  
  52  4:31  Baneling Nest  
  50  4:40  Zergling x2  
  50  4:42  Evolution Chamber  
  50  4:43  Drone  
  50  4:44  Drone  
  52  4:49  Roach  
  54  4:58  Roach  
  56  5:08  Roach  
  58  6:24  Overlord, Zergling x2, Lair  
  59  6:26  Spore Crawler  
  59  6:28  Spore Crawler, Drone  
  59  6:30  Zergling x2, Hatchery  
  58  6:35  Zergling x2  
  59  7:02  Overlord  
  59  7:06  Zergling x2  
  58  7:12  Zergling x2  
  55  7:22  Spine Crawler  
  54  7:25  Overseer  
  54  7:26  Hydralisk Den  
  54  7:29  Infestation Pit  
  52  7:30  Spine Crawler  
  52  7:32  Drone  
  45  7:44  Spore Crawler  
Tags
 
League
Gold
Matchup
TvZ
Opening
Pool First
Spawn Locations
Cross Positions
Add a new tag
Caveats
  • Supply blocks, unpowered buildings, or Contaminate may cause inaccurate times.
  • Supply counts are checked every 10 seconds.